[Event "FIDE WCCC G12 2018"]
[Site "Santiago de Compostela"]
[Date "2018.11.07"]
[Round "3"]
[White "Kairbekova, Amina"]
[Black "Boramanikar Tanisha S"]
[Result "1-0"]
[ECO "B33"]
[WhiteElo "1939"]
[BlackElo "1716"]
[Annotator "NA RC"]
[PlyCount "83"]
[EventDate "2018.11.04"]
[EventType "swiss"]
[EventCountry "ESP"]
[SourceTitle "playchess.com"]
[Source "ChessBase"]
[SourceQuality "1"]
[TimeControl "40/5400+30:1800+30"]

1. e4 c5 2. Nf3 Nc6 3. d4 cxd4 4. Nxd4 Nf6 5. Nc3 e5 6. Ndb5 d6 7. Bg5 a6 8. Na3 b5 9. Nd5 Be7 10. Bxf6 Bxf6 11. c4 b4 12. Nc2 Rb8 13. b3 Bg5 {[%emt 0:02:20] B33: Sicilian: Pelikan and Sveshnikov Variations} 14. g3 O-O 15. Bg2 Be6 16. O-O a5 17. f4 (17. h4 Bh6 18. Kh2 Ne7 19. Nxe7+ Qxe7 20. Bh3 Qc7 21. Qe2 Qc5 22. Rad1 a4 23. Kg2 Ra8 24. Rd3 axb3 25. axb3 {½-½ (145) Alekseenko,K (2563)-Dubov,D (2666) Sochi 2017}) 17... Be7 18. Kh1 Kh8 19. Nxe7 $146 ({Predecessor:} 19. Nce3 f6 20. Nf5 Bxf5 21. exf5 {0-1 (55) Mestre Bellido,H (2290)-Munoz Pantoja,M (2500) Barcelona 2017}) 19... Qxe7 20. f5 Bc8 21. f6 Qe6 ({Black should play} 21... gxf6 $14 22. Qf3 Ra8) 22. fxg7+ Kxg7 23. Qd2 Qg6 24. Rf5 h6 25. Raf1 Be6 26. R5f3 Rbd8 27. Rd3 Bc8 (27... Qg5 $14) 28. Ne3 Nd4 29. Nd5 Bg4 (29... f6 $14) 30. Rf2 f5 $2 (30... f6 $16 {is more resistant.}) 31. Rxd4 exd4 32. Qxd4+ Kh7 33. exf5 Qg5 (33... Bxf5 $142 34. g4 Bb1) 34. h4 Qc1+ 35. Rf1 Qxf1+ 36. Bxf1 Bxf5 37. Bd3 Bxd3 38. Qxd3+ Kg7 39. Qd4+ Kh7 40. Qe4+ Kg7 41. Qe7+ Kh8 42. Nf6 1-0

[Event "FIDE WCCC G12 2018"]
[Site "Santiago de Compostela"]
[Date "2018.11.07"]
[Round "3"]
[White "Nadzamova, Viktoria"]
[Black "Menon, Gauri"]
[Result "0-1"]
[ECO "C77"]
[WhiteElo "1923"]
[BlackElo "1592"]
[Annotator "NA RC"]
[PlyCount "122"]
[EventDate "2018.11.04"]
[EventType "swiss"]
[EventCountry "ESP"]
[SourceTitle "playchess.com"]
[Source "ChessBase"]
[SourceQuality "1"]
[TimeControl "40/5400+30:1800+30"]

1. e4 e5 2. Nf3 Nc6 3. Bb5 a6 4. Ba4 Nf6 5. d3 b5 6. Bb3 Bc5 7. O-O d6 8. c3 O-O 9. h3 h6 10. Re1 Re8 11. Nbd2 Bb6 {[%emt 0:02:16] C78: Ruy Lopez: Archangelsk and Möller Defences} 12. a4 Rb8 13. axb5 axb5 14. Nf1 Be6 {[%emt 0:09:34] [#]} 15. Bc2 $146 ({Predecessor:} 15. Be3 d5 16. Bxb6 Rxb6 17. exd5 Bxd5 18. Bc2 Rb8 {½-½ (68) Lanka,Z (2506)-Ragger,M (2565) Austria 2009}) 15... Ra8 16. Rxa8 Qxa8 17. d4 exd4 18. cxd4 Nb4 19. d5 Bd7 20. Ng3 Qa7 (20... Qa1 $15) 21. Be3 Ra8 22. Bxb6 Qxb6 23. Bb3 Na6 24. Nd4 Nc5 25. Bc2 b4 26. b3 Ra3 27. Ngf5 Bxf5 28. Nxf5 Ra2 29. Ne7+ $2 (29. Qb1 $11 {and White has nothing to worry.} Ncxe4 30. Qxa2 (30. Bxe4 $2 Qxf2+ 31. Kh2 Rb2 $19) 30... Qxf2+ 31. Kh2 Qxe1 32. Qa8+ Kh7 33. Qf8) 29... Kf8 30. Nc6 Ncxe4 31. Qe2 Qxf2+ $2 ({Don't go for} 31... Nxd5 $2 32. Qxe4 Qxc6 33. Qh7 $18) (31... Qc5 $19 32. Rc1 g5) 32. Qxf2 Nxf2 33. Nxb4 Rb2 (33... Rxc2 $142 34. Nxc2 N2e4) 34. Kxf2 Nxd5 35. Nxd5 Rxc2+ 36. Kg1 Rc5 37. Rd1 c6 38. Nc7 ({White should play} 38. Nb6 $18 Rb5 39. Nc4) 38... Ke7 39. Re1+ ({White should try} 39. b4 $16 Rc3 40. Rf1) 39... Re5 {[%emt 0:01:33] [#]} (39... Kd7 $1 $14) 40. Rxe5+ $1 dxe5 41. Kf2 Kd7 42. Na6 f5 43. Ke3 Kd6 44. Kd3 g5 {[%emt 0:02:46] [#]} 45. Nb4 $2 (45. g4 $1 $18) 45... e4+ 46. Ke3 c5 47. Na6 (47. Nc2 $14) 47... Kd5 {[%emt 0:02:50] [#]} 48. Nc7+ $1 Ke5 (48... Kd6 $1 $11 49. Ne8+ Ke5) 49. Nb5 f4+ ({Black should try} 49... Kd5 $16) 50. Ke2 h5 (50... Kd5 $11) 51. Kf2 (51. Nc7 $16) 51... g4 52. h4 e3+ $1 53. Ke2 Ke4 54. Nd6+ Kd4 55. Nf5+ (55. Nf7 $11) 55... Ke4 56. Nd6+ Kd4 57. Ne8 $2 {[%emt 0:03:33] [#]} f3+ $1 58. gxf3 {[%emt 0:01:46] [#]} g3 $1 59. Kf1 Kd3 60. Nd6 e2+ 61. Ke1 g2 0-1

[Event "FIDE WCCC G12 2018"]
[Site "Santiago de Compostela"]
[Date "2018.11.07"]
[Round "3"]
[White "Omonova, Umida"]
[Black "Bravo Mallco, Kate Azumi"]
[Result "1-0"]
[ECO "B52"]
[WhiteElo "1854"]
[BlackElo "1698"]
[Annotator "NA RC"]
[PlyCount "81"]
[EventDate "2018.11.04"]
[EventType "swiss"]
[EventCountry "ESP"]
[SourceTitle "playchess.com"]
[Source "ChessBase"]
[SourceQuality "1"]
[TimeControl "40/5400+30:1800+30"]

1. e4 c5 2. Nf3 d6 3. Bb5+ Bd7 4. Bxd7+ Qxd7 5. O-O Nc6 6. Re1 Nf6 7. d3 {[%emt 0:01:03] B52: Sicilian: Moscow Variation with 3...Bd7} (7. c3 e6 8. d4 cxd4 9. cxd4 d5 10. e5 Ne4 11. Nbd2 Nxd2 12. Bxd2 Be7 13. Rc1 O-O 14. Rc3 Rfc8 15. h4 Bd8 16. Rd3 Qc7 17. Ng5 h6 18. Nh3 Ne7 19. Bc3 b5 20. Nf4 Nf5 21. Qg4 Bxh4 22. Nh5 {½-½ (52) Nakamura,H (2769)-Grischuk,A (2766) Paris 2018}) 7... g6 8. Nbd2 Bg7 9. c3 Nh5 $146 ({Predecessor:} 9... O-O 10. a4 Rac8 11. h3 Ne5 12. Qe2 Qc7 13. Nxe5 dxe5 14. Nc4 {½-½ (27) Norgaard,J (2435)-Delgado Ramirez,N (2554) Yucatan 2004}) 10. Nf1 Rc8 11. Be3 O-O 12. Qe2 Na5 13. Rad1 d5 14. e5 f5 15. d4 c4 16. h3 f4 17. Bc1 e6 18. N1h2 b5 19. Ng4 Nc6 20. b3 Na5 21. Ba3 Rfe8 22. Bb4 Nb7 23. bxc4 a5 24. Ba3 Rxc4 25. Bb2 ({White should try} 25. Qb2 $16) 25... Kh8 26. Qd3 Ra8 27. Nd2 Rcc8 (27... Ra4 $14) 28. Rb1 ({White should play} 28. Ba3 $16) 28... b4 29. Rec1 Qa4 30. c4 Qc6 31. cxd5 Qxd5 32. Nc4 Rc6 33. Rc2 Rac8 $2 {[%emt 0:00:36] [#]} (33... Nc5 $11 {and Black has nothing to worry.} 34. Qd1 Na4) 34. Rbc1 $2 (34. Nb6 $1 $18 Qxa2 (34... Rxb6 35. Rxc8+) 35. Ra1 Qxa1+ 36. Bxa1 Rxc2 37. Nxc8 Rxc8 38. Qa6) 34... Qd8 (34... Nc5 $1 $11 35. Qd2 Ne4) 35. Kh2 (35. Nd2 $18 Qd5 36. a3) 35... Qc7 36. Qf3 Nd8 37. d5 exd5 38. Qxd5 Rc5 39. Qe4 ({White should try} 39. Nd6 $18 Rxd5 40. Rxc7 Rxc7 41. Rxc7 Rxd6 42. exd6 Bxb2 43. Rc8) 39... Ne6 40. Nf6 $18 Qd8 41. Nd6 1-0

[Event "FIDE WCCC G12 2018"]
[Site "Santiago de Compostela"]
[Date "2018.11.07"]
[Round "3"]
[White "Karmanova, Olga Dm."]
[Black "Abdala Cancino, Patricia Anastas"]
[Result "1-0"]
[ECO "A20"]
[WhiteElo "1819"]
[BlackElo "1551"]
[Annotator "NA RC"]
[PlyCount "119"]
[EventDate "2018.11.04"]
[EventType "swiss"]
[EventCountry "ESP"]
[SourceTitle "playchess.com"]
[Source "ChessBase"]
[SourceQuality "1"]
[TimeControl "40/5400+30:1800+30"]

1. c4 e5 2. g3 g6 3. Bg2 Bg7 4. Nc3 Nf6 5. e4 Nc6 6. Nge2 O-O 7. O-O d6 8. d3 Nh5 9. Be3 f5 10. f4 {[%emt 0:01:11] A26: English Opening vs King's Indian with ...Nc6 and d3} Nf6 11. Rb1 $146 ({Predecessor:} 11. h3 fxe4 12. dxe4 exf4 13. gxf4 Be6 14. b3 Qd7 15. Kh2 Rae8 16. Qd2 Re7 17. Rae1 Nh5 18. Rf3 Ref7 19. Ref1 {½-½ (39) Popov,M (2416)-Plat,V (2569) Marianske Lazne 2018}) 11... Ng4 12. Bd2 Nb4 13. Bc1 Nc6 14. b4 exf4 15. Bxf4 Nd4 16. h3 Nxe2+ 17. Nxe2 Nh6 18. Kh2 fxe4 19. dxe4 g5 (19... Nf7 $11) 20. Qd5+ Nf7 {[%emt 0:00:32] [#]} 21. Bxg5 $1 Qxg5 {[%emt 0:01:14] [#]} 22. Rxf7 $1 Qxd5 23. Rxf8+ Bxf8 24. cxd5 Bd7 25. Rc1 Rc8 26. Nf4 Bh6 (26... c6 $14) 27. Rc2 (27. h4 $16) 27... c6 28. dxc6 Rxc6 29. Rd2 Rb6 30. Rd4 Bg7 31. Rd5 Be8 32. Ra5 Rxb4 33. Rxa7 Bc6 34. Ra8+ Kf7 35. Rc8 Bxe4 36. Rc7+ Kg8 37. Rc8+ Kf7 38. Rc7+ Kg8 39. Bxe4 Rxe4 40. Rxb7 Ra4 41. h4 Rxa2+ 42. Kh3 Be5 43. Kg4 Ra4 44. Kf5 Ra3 45. Ke6 Bxf4 46. gxf4 Rh3 $2 {[%emt 0:00:06] [#]} ({Lieber} 46... Ra4 $14) 47. Kf6 ({Bloß nicht} 47. Kxd6 Rxh4 48. Rb8+ Kg7 $11) (47. h5 $1 $16) 47... h6 48. Kg6 Kf8 49. h5 ({Don't take} 49. Kxh6 $6 Rxh4+ 50. Kg5 Rh1 $14) 49... Rh4 {[%emt 0:00:35] [#]} (49... Rg3+ $16 {might work better.} 50. Kf6 (50. Kxh6 d5 $18) 50... Kg8) 50. f5 $1 ({Don't take} 50. Kxh6 $6 Rxf4 51. Rd7 Rf6+ 52. Kg5 Re6 $14) 50... Rg4+ 51. Kxh6 d5 ({Black should play} 51... Rg3 $14 52. Kh7 d5) 52. Rd7 d4 $16 (52... Rg1 $1 $11 {keeps the balance.}) 53. f6 Ke8 54. Rg7 Rf4 55. Kg5 Rf2 56. h6 d3 57. h7 Rh2 58. Rg8+ Kf7 59. h8=Q Rxh8 60. Rxh8 {[%emt 0:00:09] Ke8} 1-0

[Event "FIDE WCCC G12 2018"]
[Site "Santiago de Compostela"]
[Date "2018.11.07"]
[Round "3"]
[White "Starosta, Martyna"]
[Black "Ke, Rianne"]
[Result "0-1"]
[ECO "B78"]
[WhiteElo "1790"]
[BlackElo "1600"]
[Annotator "NA RC"]
[PlyCount "106"]
[EventDate "2018.11.04"]
[EventType "swiss"]
[EventCountry "ESP"]
[SourceTitle "playchess.com"]
[Source "ChessBase"]
[SourceQuality "1"]
[TimeControl "40/5400+30:1800+30"]

1. e4 c5 2. Nf3 d6 3. d4 cxd4 4. Nxd4 Nf6 5. Nc3 g6 6. Be3 Bg7 7. f3 O-O 8. Qd2 Nc6 9. Bc4 Bd7 10. O-O-O Rc8 11. Bb3 Ne5 12. g4 Nc4 13. Bxc4 Rxc4 14. Kb1 Qc8 15. h4 h5 16. g5 Nh7 17. f4 b5 18. Nd5 Re8 19. b3 Rc5 20. Ne2 Bg4 21. Bxc5 Qxc5 22. Rhe1 e6 23. Nf6+ Nxf6 24. gxf6 Bxf6 25. Qxd6 Qxd6 26. Rxd6 Bxh4 27. Rdd1 Bxe1 28. Rxe1 e5 29. Nc3 exf4 30. Nd5 Kg7 31. Nxf4 g5 32. Nd3 h4 33. Rg1 Bf3 34. Rxg5+ Kh6 35. Rxb5 Bxe4 36. Nf2 Bxc2+ 37. Kc1 Bg6 38. Rb4 Kh5 39. Kd2 Rc8 40. Ra4 Rc2+ 41. Ke1 Rc7 42. Kf1 f6 43. Kg2 f5 44. Nh3 Be8 45. Nf4+ Kg4 46. Rd4 Bc6+ 47. Kf2 Be4 48. Nd5 Rc2+ 49. Kg1 Kg3 50. Ne3 h3 51. Rd2 Rc1+ 52. Nf1+ Rxf1+ 53. Kxf1 h2 0-1

[Event "FIDE WCCC G12 2018"]
[Site "Santiago de Compostela"]
[Date "2018.11.07"]
[Round "3"]
[White "Munkhzul, Davaakhuu"]
[Black "Zhou, Lepu Coco"]
[Result "1-0"]
[ECO "C92"]
[WhiteElo "1781"]
[BlackElo "1617"]
[Annotator "NA RC"]
[PlyCount "85"]
[EventDate "2018.11.04"]
[EventType "swiss"]
[EventCountry "ESP"]
[SourceTitle "playchess.com"]
[Source "ChessBase"]
[SourceQuality "1"]
[TimeControl "40/5400+30:1800+30"]

1. e4 e5 2. Nf3 Nc6 3. Bb5 a6 4. Ba4 Nf6 5. O-O b5 6. Bb3 Be7 7. Re1 O-O 8. h3 d6 9. c3 Bb7 10. d4 Nd7 11. Nbd2 Bf6 12. Nf1 Na5 13. Bc2 c5 14. d5 g6 15. Ng3 Bg7 16. Nh2 Nf6 17. Rf1 b4 18. cxb4 cxb4 19. b3 Rc8 20. Bd2 Qb6 21. a3 Qc5 22. Rc1 bxa3 23. b4 Qc7 24. bxa5 a2 25. Bb3 Qxc1 26. Qxc1 Rxc1 27. Rxc1 Nd7 28. Bxa2 Nc5 29. Be3 Nd3 30. Rb1 Bc8 31. Bc4 Nc5 32. Bxc5 dxc5 33. Nf3 Kh8 34. Rb6 f5 35. Bxa6 f4 36. Ne2 Bxa6 37. Rxa6 Re8 38. Rc6 Bf8 39. a6 Kg8 40. Nc3 Ra8 41. Nb5 Rb8 42. a7 Ra8 43. Nxe5 1-0

[Event "FIDE WCCC G12 2018"]
[Site "Santiago de Compostela"]
[Date "2018.11.07"]
[Round "3"]
[White "Sheikh, Anum"]
[Black "Enkhsaran, Batsaikhan"]
[Result "0-1"]
[ECO "C45"]
[WhiteElo "1770"]
[BlackElo "1614"]
[Annotator "NA RC"]
[PlyCount "60"]
[EventDate "2018.11.04"]
[EventType "swiss"]
[EventCountry "ESP"]
[SourceTitle "playchess.com"]
[Source "ChessBase"]
[SourceQuality "1"]
[TimeControl "40/5400+30:1800+30"]

1. e4 e5 2. Nf3 Nc6 3. d4 exd4 4. Nxd4 Nf6 5. Nxc6 bxc6 6. e5 Qe7 7. Qe2 Nd5 8. h4 Qe6 9. c4 Nb6 10. Nc3 d6 11. exd6 cxd6 12. Be3 Be7 13. g3 Bf6 14. Rc1 Ba6 15. b3 O-O 16. Bg2 d5 17. Bxb6 axb6 18. Qxe6 fxe6 19. O-O Bd4 20. Ne2 Bc5 21. Bh3 e5 22. Rc2 Rf6 23. Nc1 e4 24. Re1 Raf8 25. Ree2 Rf3 26. Kg2 d4 27. Rxe4 d3 28. Rd2 Rxf2+ 29. Rxf2 Rxf2+ 30. Kh1 d2 0-1

[Event "FIDE WCCC G12 2018"]
[Site "Santiago de Compostela"]
[Date "2018.11.07"]
[Round "3"]
[White "Wagner, Margarethe"]
[Black "Zhu, Jenny"]
[Result "1-0"]
[ECO "B42"]
[WhiteElo "1766"]
[BlackElo "1242"]
[Annotator "NA RC"]
[PlyCount "133"]
[EventDate "2018.11.04"]
[EventType "swiss"]
[EventCountry "ESP"]
[SourceTitle "playchess.com"]
[Source "ChessBase"]
[SourceQuality "1"]
[TimeControl "40/5400+30:1800+30"]

1. e4 c5 2. Nf3 e6 3. d4 cxd4 4. Nxd4 a6 5. Bd3 Nf6 6. Qe2 d6 7. c4 g6 8. Nc3 Bg7 9. Be3 Nbd7 10. h3 O-O 11. O-O Ne5 12. f4 Nxd3 13. Qxd3 Qc7 14. Rac1 Bd7 15. f5 Rac8 16. b3 Qa5 17. fxe6 fxe6 18. Nf3 Qc7 19. Rfd1 Ne8 20. Bg5 Qc5+ 21. Be3 Qc7 22. Kh1 Bc6 23. Ne2 Rd8 24. Ned4 Qd7 25. Ng5 Nc7 26. Rf1 d5 27. Nxc6 bxc6 28. cxd5 cxd5 29. Bb6 Rc8 30. Bxc7 Rxc7 31. Rxc7 Rxf1+ 32. Qxf1 Qxc7 33. Nxe6 Qe5 34. Nxg7 Kxg7 35. exd5 Qxd5 36. Qxa6 Qd1+ 37. Kh2 Qe1 38. Qa7+ Kh6 39. Qd4 Qb1 40. Qf4+ Kg7 41. Qe5+ Kg8 42. Qe6+ Kg7 43. a4 Qa1 44. Qe7+ Kh6 45. Qf8+ Kg5 46. Qc5+ Kh6 47. a5 Qf1 48. Qe3+ Kg7 49. Qe5+ Kh6 50. b4 Qa6 51. Qc7 Qb5 52. Qc5 Qa6 53. Qb6 Qe2 54. Qf6 Qe8 55. Qf4+ Kh5 56. a6 Qa4 57. Qg4+ Kh6 58. Qh4+ Kg7 59. Qe7+ Kh6 60. a7 Kh5 61. g4+ Kh6 62. Qf8+ Kg5 63. Qd8+ Kh6 64. a8=Q Qc2+ 65. Qg2 Qc4 66. Qgd2+ Kg7 67. Qe7+ 1-0

[Event "FIDE WCCC G12 2018"]
[Site "Santiago de Compostela"]
[Date "2018.11.07"]
[Round "3"]
[White "Dakic, Marta"]
[Black "Berezovsky, Fiorina"]
[Result "1-0"]
[ECO "B30"]
[WhiteElo "1756"]
[BlackElo "1492"]
[Annotator "NA RC"]
[PlyCount "73"]
[EventDate "2018.11.04"]
[EventType "swiss"]
[EventCountry "ESP"]
[SourceTitle "playchess.com"]
[Source "ChessBase"]
[SourceQuality "1"]
[TimeControl "40/5400+30:1800+30"]

1. e4 c5 2. Nf3 Nc6 3. Nc3 d6 4. Bc4 e6 5. d3 Nf6 6. O-O Be7 7. h3 O-O 8. a3 d5 9. Ba2 d4 10. Ne2 b5 11. Nh2 Bb7 12. f4 a5 13. f5 exf5 14. Rxf5 Bc8 15. Rf1 Be6 16. Bxe6 fxe6 17. Nf4 Qd7 18. Bd2 c4 19. Qe2 Ne5 20. Rad1 Rfc8 21. Nf3 Nxf3+ 22. Qxf3 b4 23. axb4 axb4 24. e5 Ne8 25. Nd5 Bc5 26. Nb6 Qa7 27. Nxa8 Rxa8 28. Ra1 Qxa1 29. Qf7+ Kh8 30. Rxa1 Rxa1+ 31. Kh2 Ra8 32. Qxe6 c3 33. bxc3 bxc3 34. Bxc3 dxc3 35. Qc6 Nc7 36. Qxc5 Ne6 37. Qc6 1-0

[Event "FIDE WCCC G12 2018"]
[Site "Santiago de Compostela"]
[Date "2018.11.07"]
[Round "3"]
[White "Volovich, Julia"]
[Black "Vicze, Kata"]
[Result "1-0"]
[ECO "D50"]
[WhiteElo "1735"]
[BlackElo "1828"]
[Annotator "NA RC"]
[PlyCount "62"]
[EventDate "2018.11.04"]
[EventType "swiss"]
[EventCountry "ESP"]
[SourceTitle "playchess.com"]
[Source "ChessBase"]
[SourceQuality "1"]
[TimeControl "40/5400+30:1800+30"]

1. d4 d5 2. c4 e6 3. Nc3 Nf6 4. Bg5 dxc4 5. e3 c5 {[%emt 0:03:24] D50: Damengambit (Canal/Prins-Gambit)} 6. dxc5 Qxd1+ 7. Rxd1 Nc6 $146 ({Vorgänger:} 7... Bxc5 8. Bxc4 a6 9. Nf3 Nbd7 10. Nd2 b5 11. Be2 Bb7 12. O-O Be7 13. Bf3 Bxf3 14. Nxf3 {½-½ (42) Akobian,V (2640)-Swiercz,D (2654) Saint Louis 2018}) 8. Nb5 Ke7 9. Bxc4 Bd7 10. Nd6 Na5 (10... h6 {was necessary.}) 11. Be2 b6 12. b4 Ba4 13. Rd2 Nc6 14. b5 Nb4 15. c6 (15. Ne4 $18 {bietet bessere Gewinnchancen.}) 15... Nbd5 16. Nb7 Ke8 (16... h6 $16 {was necessary.}) 17. Rd4 Bb4+ 18. Kf1 e5 19. Rh4 a6 20. a3 ({Much weaker is} 20. bxa6 $6 Bxc6 21. Nf3 Nd7 $14) 20... Bxb5 21. axb4 Bxc6 (21... Ke7 $16) 22. Nd6+ Ke7 23. Nf5+ Kd7 (23... Kf8 {keeps fighting.} 24. Nf3 Re8) 24. Nf3 e4 25. Ne5+ Kc7 26. Nxc6 Kxc6 27. Bc4 Nxb4 28. Bxf6 gxf6 29. Rxe4 a5 30. Ke2 a4 31. Rc1 $18 Kd7 1-0

[Event "FIDE WCCC G12 2018"]
[Site "Santiago de Compostela"]
[Date "2018.11.07"]
[Round "3"]
[White "Wang, Ellen"]
[Black "Shuqja, Klean"]
[Result "0-1"]
[ECO "B01"]
[WhiteElo "1711"]
[BlackElo "1798"]
[Annotator "NA RC"]
[PlyCount "132"]
[EventDate "2018.11.04"]
[EventType "swiss"]
[EventCountry "ESP"]
[SourceTitle "playchess.com"]
[Source "ChessBase"]
[SourceQuality "1"]
[TimeControl "40/5400+30:1800+30"]

1. e4 d5 2. exd5 Qxd5 3. Nc3 Qd8 4. d4 Nf6 5. Bc4 a6 6. Nf3 b5 7. Be2 Bb7 8. O-O e6 9. Ne5 Nbd7 10. Bf3 Bxf3 11. Qxf3 Bd6 12. Nc6 Qc8 13. d5 e5 14. Qg3 O-O 15. Bh6 Ne8 16. Ne4 Kh8 17. Bd2 Nb6 18. Qb3 Qf5 19. f3 h6 20. Be3 Nc4 21. Bf2 Nf6 22. Nxf6 Qxf6 23. Rad1 Rfe8 24. Rfe1 e4 25. fxe4 Bxh2+ 26. Kxh2 Qxf2 27. Rf1 Qh4+ 28. Kg1 Rxe4 29. Qf3 Rae8 30. Qf2 Qg4 31. Rde1 Ne3 32. Qf3 Qh4 33. Rf2 Nxc2 34. Rxe4 Rxe4 35. Qxf7 Re1+ 36. Rf1 Rxf1+ 37. Qxf1 Qe1 38. Qxe1 Nxe1 39. Nb4 a5 40. Na6 Nd3 41. Nxc7 b4 42. d6 Nc5 43. Kf1 Kg8 44. Ke2 Kf7 45. Ke3 Nb7 46. Kd4 Nxd6 47. Kd5 Ke7 48. g4 Ne8 49. Nb5 Nf6+ 50. Ke5 Nxg4+ 51. Kf5 Ne3+ 52. Kg6 Nd1 53. Nd4 Kd6 54. Kxg7 Kd5 55. Nf5 Kc4 56. b3+ Kb5 57. Kxh6 Nc3 58. Nd6+ Ka6 59. Kg5 Nxa2 60. Nc4 Kb5 61. Nd2 Kc5 62. Kf4 Kd4 63. Nc4 a4 64. Na5 a3 65. Nc4 Kc3 66. Ke3 Nc1 0-1

[Event "FIDE WCCC G12 2018"]
[Site "Santiago de Compostela"]
[Date "2018.11.07"]
[Round "3"]
[White "Lobo Pereira, Arami"]
[Black "Zvereva, Margarita"]
[Result "0-1"]
[ECO "D35"]
[WhiteElo "1592"]
[BlackElo "1787"]
[Annotator "NA RC"]
[PlyCount "120"]
[EventDate "2018.11.04"]
[EventType "swiss"]
[EventCountry "ESP"]
[SourceTitle "playchess.com"]
[Source "ChessBase"]
[SourceQuality "1"]
[TimeControl "40/5400+30:1800+30"]

1. d4 d5 2. c4 e6 3. Nc3 Nf6 4. cxd5 exd5 5. Bg5 Be7 6. e3 O-O 7. Bd3 Nbd7 8. Nge2 Re8 9. O-O c6 10. f3 Nf8 11. e4 dxe4 12. fxe4 Ng4 13. Bxe7 Rxe7 14. Qd2 Ne6 15. h3 Nf6 16. e5 Nd7 17. Ne4 Qb6 18. Qc3 Nxe5 19. Kh1 Nxd3 20. Qxd3 Qc7 21. Rf3 Nf8 22. Rg3 Ng6 23. Rf1 Be6 24. h4 Bd5 25. N4c3 Nxh4 26. Nxd5 cxd5 27. Rh3 Ng6 28. Nf4 Qc4 29. Nxg6 hxg6 30. Qxc4 dxc4 31. Rc1 b5 32. Rc2 Re4 33. a4 a6 34. axb5 axb5 35. d5 Ra1+ 36. Kh2 Rd1 37. b3 Rxd5 38. bxc4 bxc4 39. Ra2 Rh5 40. Ra8+ Kh7 41. Rxh5+ gxh5 42. Ra4 Rg4 43. Ra5 g6 44. Ra7 Kg7 45. Rc7 Kf6 46. Kg1 Ke6 47. Rc6+ Ke5 48. Rc7 f5 49. Re7+ Kd4 50. Rd7+ Kc3 51. Kf2 Kc2 52. g3 c3 53. Re7 Kb2 54. Rb7+ Kc1 55. Rb3 Kc2 56. Rb7 Re4 57. Rd7 Kc1 58. Rd6 c2 59. Rxg6 Kb2 60. Rb6+ Kc3 0-1

[Event "FIDE WCCC G12 2018"]
[Site "Santiago de Compostela"]
[Date "2018.11.07"]
[Round "3"]
[White "Baalla, Nura"]
[Black "Sevcikova, Lucia"]
[Result "1/2-1/2"]
[ECO "C42"]
[WhiteElo "1565"]
[BlackElo "1768"]
[Annotator "NA RC"]
[PlyCount "152"]
[EventDate "2018.11.04"]
[EventType "swiss"]
[EventCountry "ESP"]
[SourceTitle "playchess.com"]
[Source "ChessBase"]
[SourceQuality "1"]
[TimeControl "40/5400+30:1800+30"]

1. e4 e5 2. Nf3 Nf6 3. Nxe5 d6 4. Nf3 Nxe4 5. d4 d5 6. Bd3 Be7 7. O-O Nc6 8. Re1 Bg4 9. c3 Nf6 10. Nbd2 O-O 11. Nf1 Bh5 12. Ng3 Bg6 13. Nf5 Re8 14. N3h4 Bf8 15. Rxe8 Qxe8 16. Bf4 Qd7 17. Nxg6 hxg6 18. Nh4 Bd6 19. Bxd6 Qxd6 20. Nf3 Re8 21. Qd2 Ne4 22. Qc2 Re6 23. Nd2 Nxd2 24. Qxd2 Qe7 25. Kf1 Kf8 26. Re1 Rxe1+ 27. Qxe1 Qxe1+ 28. Kxe1 Ke7 29. Bc2 Ke6 30. Ke2 Ne7 31. g4 b6 32. Bd3 c5 33. Bb5 Kd6 34. Be8 Ke6 35. Kd2 Nc8 36. dxc5 bxc5 37. f3 Nd6 38. Ba4 Nc4+ 39. Kc2 Ne5 40. b4 cxb4 41. cxb4 Nxf3 42. h3 Ng5 43. h4 Nf3 44. h5 gxh5 45. gxh5 Ne5 46. b5 Nc4 47. Kc3 Ke5 48. Bb3 Nd6 49. a4 f5 50. Kb4 Nb7 51. a5 Kd6 52. Ba4 Nc5 53. Bd1 Nd3+ 54. Kc3 Nc5 55. Be2 Nd7 56. Kd3 f4 57. Bd1 Kc5 58. Ba4 Ne5+ 59. Ke2 d4 60. b6 axb6 61. a6 Nc6 62. Kf3 b5 63. Bd1 Kb6 64. Kxf4 Kxa6 65. Kf5 Ne7+ 66. Ke6 Ng8 67. Kf7 Nf6 68. Kxg7 Nxh5+ 69. Bxh5 b4 70. Bd1 Kb5 71. Bb3 Kc5 72. Kf6 d3 73. Ke5 d2 74. Ke4 d1=Q 75. Bxd1 Kc4 76. Ba4 Kc3 1/2-1/2

[Event "FIDE WCCC G12 2018"]
[Site "Santiago de Compostela"]
[Date "2018.11.07"]
[Round "3"]
[White "Zhai, Pinran"]
[Black "Nurmanova, Alua"]
[Result "0-1"]
[ECO "B95"]
[WhiteElo "1558"]
[BlackElo "1780"]
[Annotator "NA RC"]
[PlyCount "88"]
[EventDate "2018.11.04"]
[EventType "swiss"]
[EventCountry "ESP"]
[SourceTitle "playchess.com"]
[Source "ChessBase"]
[SourceQuality "1"]
[TimeControl "40/5400+30:1800+30"]

1. e4 c5 2. Nf3 d6 3. d4 cxd4 4. Nxd4 Nf6 5. Nc3 a6 6. Bg5 e6 7. Be2 Be7 8. Qd2 Nbd7 9. Be3 Qc7 10. f4 b5 11. a3 Bb7 12. Bf3 Nc5 13. e5 dxe5 14. fxe5 Nfd7 15. Bf4 Nb6 16. O-O-O O-O-O 17. Qe2 Rd7 18. Bxb7+ Qxb7 19. Rhf1 Nc4 20. b4 Qb6 21. bxc5 Qxc5 22. Nb1 Rxd4 23. Rxd4 Qxd4 24. c3 Bxa3+ 25. Kc2 Qa7 26. Qf3 Rd8 27. Qc6+ Kb8 28. Bg5 Rc8 29. Qe4 h6 30. Bc1 Bxc1 31. Kxc1 Rc7 32. Re1 Qc5 33. Rd1 Qe3+ 34. Qxe3 Nxe3 35. Rg1 Ng4 36. Re1 Rc5 37. Kd2 Rxe5 38. Rf1 Rf5 39. Rxf5 exf5 40. h3 Nf6 41. Na3 Kc7 42. Nc2 Kd6 43. Kd3 g6 44. Ne3 Nd5 0-1